 Dungeon Crawl Stone Soup version 0.30-a0-879-ga8ba668304 (webtiles) character file.

Game seed: 16217519354924359751

500 pokeman the Magician (level 6, -6/34 HPs)
             Began as a Deep Elf Hedge Wizard on Mar 13, 2023.
             Mangled by a wyvern zombie (10 damage)
             ... in an ossuary.
             The game lasted 00:10:07 (5020 turns).

pokeman the Magician (Deep Elf Hedge Wizard)        Turns: 5020, Time: 00:10:07

Health: -6/34      AC:  6    Str:  7    XL:     6   Next: 94%
Magic:  6/18       EV: 13    Int: 21    God:
Gold:   118        SH:  0    Dex: 14    Spells: 11/19 levels left

rFire   . . .      SeeInvis .    h - +0 dagger (venom)
rCold   . . .      Faith    .    (no shield)
rNeg    . . .      Spirit   .    m - +1 animal skin
rPois   .          Reflect  .    n - +0 helmet
rElec   .          Rampage  .    w - +1 cloak
rCorr   .                        (no gloves)
Will    .....                    (no boots)
Stlth   ++                       (no amulet)
HPRegen 0.25/turn                (no ring)
MPRegen 0.16/turn                (no ring)

@: no status effects
A: no striking features
a: no special abilities


You were in an ossuary.
You visited 2 branches of the dungeon, and saw 6 of its levels.
You also visited: Ossuary.

You collected 118 gold pieces.

Inventory:

Hand Weapons
 h - a +0 dagger of venom (weapon)
Missiles
 a - 3 curare-tipped darts
Armour
 m - a +1 animal skin (worn)
 n - a +0 helmet (worn)
 u - a +1 ring mail of poison resistance
 w - a +1 cloak (worn)
Magical Staves
 s - a staff of cold
Jewellery
 p - a ring of ice
Scrolls
 b - a scroll of enchant weapon {unknown}
 c - a scroll of vulnerability {unknown}
 e - a scroll of noise {unknown}
 i - 4 scrolls of identify {unknown}
 k - a scroll of fear {unknown}
 l - a scroll of teleportation {unknown}
 q - a scroll of poison {unknown}
 t - a scroll of immolation {unknown}
 v - a scroll of fog {unknown}
 y - a scroll of magic mapping {unknown}
Potions
 d - a potion of magic
 f - a potion of haste {unknown}
 g - 2 potions of flight {unknown}
 j - 2 potions of curing {unknown}
 o - a potion of brilliance {unknown}
 r - a potion of lignification {unknown}
 x - a potion of heal wounds {unknown}


   Skills:
 + Level 1.5 Fighting
 - Level 0.1 Throwing
 - Level 1.0 Armour
 - Level 3.0 Dodging
 - Level 3.1 Stealth
 * Level 7.3 Spellcasting
 + Level 3.4 Conjurations
 + Level 2.1 Summonings
 - Level 1.1 Translocations
 - Level 1.0 Ice Magic
 - Level 1.0 Air Magic
 - Level 1.1 Poison Magic
 - Level 1.1 Evocations


You had 11 spell levels left.
You knew the following spells:

 Your Spells              Type           Power      Damage    Failure   Level
a - Magic Dart            Conj           88%        1d7       1%          1
b - Mephitic Cloud        Conj/Pois/Air  15%        N/A       12%         3
c - Call Imp              Summ           16%        N/A       5%          2
d - Blink                 Tloc           24%        N/A       9%          2

Your spell library contained the following spells:

 Spells                   Type           Power      Damage    Failure   Level
 Summon Small Mammal      Summ           64%        N/A       3%          1
 Slow                     Hex            28%        N/A       9%          1
 Cigotuvi's Dreadful Rot  Necr/Pois/Air  20%        N/A       10%         2
 Call Canine Familiar     Summ           16%        N/A       11%         3
 Summon Guardian Golem    Hex/Summ       12%        N/A       17%         3
 Summon Lightning Spire   Summ/Air       14%        N/A       41%         4
 Storm Form               Tmut/Air       4%         N/A       100%        7
 Maxwell's Capacitive Co  Air            6%         ∞         100%        8


Dungeon Overview and Level Annotations

Branches:
Dungeon (5/15)             Temple (1/1) D:4         Ossuary (1/1)

Altars:
Ashenzari
Cheibriados
Elyvilon
Fedhas
Gozag
Hepliaklqana
Kikubaaqudgha
Makhleb
Nemelex Xobeh
Okawaru
Qazlal
Ru
Sif Muna
Uskayaw
Yredelemnul
Zin


Message History

The magic dart hits the bullfrog zombie.
The bullfrog zombie is moderately damaged.
The bullfrog zombie hits you but does no damage.
Your white imp hits the bullfrog zombie.
Your white imp freezes the bullfrog zombie.
The bullfrog zombie completely resists.
Casting: Magic Dart (safe; 1% risk of failure)
Confirm with . or Enter, or press ? or * to list all spells.
Aiming: Magic Dart (safe; 1% risk of failure)
Press: ? - help, Shift-Dir - straight line, f/p - bullfrog zombie
Aim: a bullfrog zombie (moderately damaged, not watching you, ally target, 100% to hit)
The magic dart hits the bullfrog zombie.
The bullfrog zombie is heavily damaged.
The bullfrog zombie closely misses you.
Your white imp hits the bullfrog zombie.
Your white imp freezes the bullfrog zombie.
The bullfrog zombie completely resists.
Casting: Magic Dart (safe; 1% risk of failure)
Confirm with . or Enter, or press ? or * to list all spells.
Aiming: Magic Dart (safe; 1% risk of failure)
Press: ? - help, Shift-Dir - straight line, f/p - bullfrog zombie
Aim: a bullfrog zombie (heavily damaged, ally target, 100% to hit)
The magic dart hits the bullfrog zombie.
The bullfrog zombie is severely damaged.
The bullfrog zombie barely misses you.
The howler monkey zombie barely misses you.
Your white imp hits the bullfrog zombie.
Your white imp freezes the bullfrog zombie.
The bullfrog zombie completely resists.
Casting: Magic Dart (safe; 1% risk of failure)
Confirm with . or Enter, or press ? or * to list all spells.
Aiming: Magic Dart (safe; 1% risk of failure)
Press: ? - help, Shift-Dir - straight line, f/p - bullfrog zombie
Aim: a bullfrog zombie (severely damaged, not watching you, ally target, 100% to hit)
The magic dart hits the bullfrog zombie.
The bullfrog zombie is severely damaged.
The bullfrog zombie hits you.
* * * LOW HITPOINT WARNING * * *
The wyvern zombie bites you!
You die... ##### #∩@.# #ZZZ#

#..5# ##M##
...........'.#
+#'#'#'#'#'###
# #. .# # ##
##


You could see a mummy, a bullfrog zombie (ally target), a wyvern zombie, a
howler monkey zombie and a friendly white imp (summoned).

Vanquished Creatures
  A hound (D:3)
  An iguana (D:4)
  3 orc wizards (D:4)
  3 mummies (Ossuary)
  6 adders
  An ufetubus (D:4)
  2 worms
  4 dart slugs
  15 orcs
  9 ball pythons
  5 endoplasms
  7 giant cockroaches
  9 goblins
  7 hobgoblins
  4 jackals (D:1)
  7 kobolds
  5 quokkas
  7 bats
  2 frilled lizards
  5 rats
103 creatures vanquished.

Vanquished Creatures (collateral kills)
  A black bear (D:4)
  2 mummies (Ossuary)
  Robin (D:2)
  An orc (D:4)
  A ball python (D:4)
  A goblin (D:2)
  3 hobgoblins (D:2)
  A kobold (D:4)
11 creatures vanquished.

Vanquished Creatures (others)
  A withered plant (Ossuary)
1 creature vanquished.

Grand Total: 115 creatures vanquished

Notes
Turn   | Place    | Note
-------+----------+-------------------------------------------
     0 | D:1      | pokeman the Deep Elf Hedge Wizard began the quest for the
                  | Orb.
     0 | D:1      | Reached XP level 1. HP: 10/10 MP: 7/7
   244 | D:1      | Reached XP level 2. HP: 16/16 MP: 1/9
   656 | D:1      | Reached skill level 5 in Spellcasting
   867 | D:1      | Reached XP level 3. HP: 20/20 MP: 8/11
   924 | D:1      | Learned a level 3 spell: Mephitic Cloud
   927 | D:1      | Learned a level 2 spell: Call Imp
   930 | D:1      | Learned a level 2 spell: Blink
  1467 | D:2      | You fall into a shaft and drop 1 floor!
  1492 | D:3      | Reached skill level 1 in Fighting
  1492 | D:3      | Reached skill level 1 in Armour
  1673 | D:2      | Noticed Robin
  1690 | D:2      | Killed Robin
  1691 | D:2      | Reached XP level 4. HP: 14/25 MP: 3/13
  2675 | D:3      | Reached skill level 6 in Spellcasting
  2675 | D:3      | Reached XP level 5. HP: 25/29 MP: 8/15
  2880 | D:3      | Found an iron altar of Okawaru.
  3165 | D:4      | Noticed a black bear
  3193 | D:4      | Killed a black bear
  3194 | D:4      | Reached skill level 1 in Poison Magic
  3305 | D:4      | Reached skill level 1 in Ice Magic
  3339 | D:4      | Reached skill level 1 in Evocations
  3404 | D:4      | Reached skill level 1 in Air Magic
  3404 | D:4      | Reached XP level 6. HP: 21/34 MP: 14/17
  3731 | D:4      | Reached skill level 7 in Spellcasting
  4404 | D:4      | Found a staircase to the Ecumenical Temple.
  4413 | Temple   | Entered the Ecumenical Temple
  4883 | D:5      | Entered Level 5 of the Dungeon
  4964 | D:5      | Found a sand-covered staircase.
  4970 | Ossuary  | Entered an ossuary
  5020 | Ossuary  | Mangled by a wyvern zombie

Illustrated notes

Levels and vault maps discovered:
D:1:      dpeg_arrival_prison, layout_rooms, minmay_split_cup_small
D:2:      layout_loops_ring, uniq_robin
D:3:      layout_loops_ring, mainiacjoe_overflow_alcove_4
D:4:      nicolae_cairo_tiling, layout_cave_pools,
          minmay_temple_entry_mini_moons, serial_co_window_serial,
          co_window_corner_a, co_window_of_opportunity_a, co_window_paths_b,
          co_window_paths_a, co_window_of_opportunity_a, co_window_corner_b,
          co_window_unsneaky_path_b, co_window_broadway_b,
          co_window_unsneaky_path_c, co_window_of_opportunity_c,
          glass_columns_a, glass_columns_b, glass_columns_a, glass_columns_a,
          uniq_eustachio
D:5:      layout_gridville, enter_ossuary_5, chequers_serial_rivers_marsh
Temple:   nicolae_temple_bog_church
Ossuary:  ossuary_zaba_flooded

Skill      XL: |  1  2  3  4  5  6 |
---------------+-------------------+-----
Spellcasting   | 5 6 7 |  7.3
Fighting       | 1 |  1.5
Armour         | 1 |  1.0
Conjurations   | 2 3 |  3.4
Dodging        | 3 |  3.0
Stealth        | 3 |  3.1
Poison Magic   | 1 |  1.1
Ice Magic      | 1 |  1.0
Evocations     | 1 |  1.1
Air Magic      | 1 |  1.0
Summonings     | 2 |  2.1
Throwing       | |  0.1
Translocations | |  1.1

Action                     |  1- 3 |  4- 6 || total
---------------------------+-------+-------++-------
  Melee: Dagger            |    23 |    95 ||   118
         Punch             |       |     1 ||     1
   Cast: Magic Dart        |   107 |   129 ||   236
         Mephitic Cloud    |     1 |     7 ||     8
         Call Imp          |     1 |     5 ||     6
         Blink             |       |     1 ||     1
   Stab: Confused          |     1 |     3 ||     4
         Sleeping          |       |     1 ||     1
 Armour: Robe              |    13 |       ||    13
         Animal skin       |       |    26 ||    26
  Dodge: Dodged            |    46 |    86 ||   132

Table legend: (Time is in decaauts)
 A = Elapsed time spent in this place.
 B = Non-inter-level travel time spent in this place.
 C = Inter-level travel time spent in this place.
 D = Time resting spent in this place.
 E = Time spent auto-exploring this place.
 F = Levels seen in this place.
 G = Mean time per level.
                   A        B        C        D        E       F      G
               +--------+--------+--------+--------+--------+-----+--------+
         Total |   5023 |   4852 |    171 |    256 |   3858 |   7 |  717.6 |
       Dungeon |   4793 |   4647 |    146 |    256 |   3715 |   5 |  958.6 |
        Temple |    180 |    155 |     25 |      0 |    141 |   1 |  180.0 |
       Ossuary |     49 |     49 |      0 |      0 |      2 |   1 |   49.0 |
               +--------+--------+--------+--------+--------+-----+--------+

Top non-repeatable levels by time:
     D:4: 1495 daAuts
     D:1: 1205 daAuts
     D:2: 1113 daAuts
     D:3: 942 daAuts
  Temple: 180 daAuts
 Ossuary: 49 daAuts
     D:5: 36 daAuts
